 Dungeon Sprint DCSS version 0.30-a0-373-gd37427bb62 (webtiles) character file.

Game seed: 1741727625535480035

26175 rocky1 the Gnoll Aeon (level 13, -15/113 HPs)
             Began as a Gnoll Warper on Nov 24, 2022.
             Was the Champion of Cheibriados.
             Demolished by an alligator snapping turtle (30 damage)
             ... in the Dungeon (Sprint VII: "The Pits").
             The game lasted 00:12:04 (3699 turns).

rocky1 the Gnoll Aeon (Gnoll Warper)                Turns: 3699, Time: 00:12:05

Health: -15/113    AC: 21    Str: 31    XL:     13   Next: 24%
Magic:  10/31      EV: 23    Int: 29    God:    Cheibriados [******]
Gold:   13         SH: 15    Dex: 26    Spells: 6/40 levels left

rFire   . . .      SeeInvis .    v - +2 morningstar (protect)
rCold   . . .      Faith    .    q - +0 kite shield
rNeg    + + .      Spirit   .    A - +5 ring mail
rPois   .          Reflect  .    (no helmet)
rElec   .          Harm     .    z - +0 cloak
rCorr   +          Rampage  .    (no gloves)
Will    .....      NoTele   +    (no boots)
Stlth   +++++.....               (no amulet)
HPRegen 0.38/turn                D - ring "Eneann" {rN++ rCorr Str-2 Dex-3 Slay+2}
MPRegen 0.22/turn                g - +6 ring of strength

@: under a protective aura, slowed, very slow
A: fangs 1, strong nose, distributed training
a: Renounce Religion, Bend Time, Temporal Distortion, Slouch, Step From Time


You were in the Dungeon.
You worshipped Cheibriados.
Cheibriados was exalted by your worship.
You visited 1 branch You collected 13 gold pieces.

Inventory:

Hand Weapons
 a - a +1 demon trident of electrocution
 v - a +2 morningstar of protection (weapon)
 w - a +2 vorpal war axe
 x - a +2 scimitar of flaming
 H - a +2 broad axe of electrocution
Missiles
 d - 6 boomerangs of dispersal (quivered)
Armour
 q - a +0 kite shield (worn)
 z - a +0 cloak (worn)
 A - a +5 ring mail (worn)
 G - the +10 tower shield of Ignorance {rN+ Int-4}
   (You found it in the Dungeon)

   Int:       It affects your intelligence (-4).
   rN:        It protects you from negative energy.
Jewellery
 g - a +6 ring of strength (right hand)
 o - a ring of protection from fire
 r - a +3 ring of protection
 D - the ring "Eneann" (left hand) {rN++ rCorr Str-2 Dex-3 Slay+2}
   (You found it in the Dungeon)

   [ring of resist corrosion]

   Str:       It affects your strength (-2).
   Dex:       It affects your dexterity (-3).
   Slay:      It affects your accuracy & damage with ranged weapons and melee
   (+2).
   rN:        It greatly protects you from negative energy.
   rCorr:     It protects you from acid and corrosion.
Wands
 b - a wand of quicksilver (4)
 p - a wand of flame (25)
Scrolls
 c - 2 scrolls of blinking
 k - 5 scrolls of amnesia
 l - a scroll of summoning
 n - 2 scrolls of identify
 s - 2 scrolls of enchant weapon
 y - 6 scrolls of fear
 B - 4 scrolls of enchant armour
Potions
 e - 10 potions of curing
 f - 10 potions of heal wounds
 h - 3 potions of magic
 i - 5 potions of berserk rage
 j - 2 potions of invisibility
 m - a potion of cancellation
 t - 3 potions of brilliance
 u - 2 potions of mutation
 C - 2 potions of might
Miscellaneous
 E - a condenser vane
 F - a tin of tremorstones (2/2)


   Skills:
 + Level 14.1 Fighting
 + Level 13.4 Short Blades
 + Level 13.4 Long Blades
 + Level 13.4 Axes
 + Level 14.1 Maces & Flails
 + Level 13.4 Polearms
 + Level 13.4 Staves
 + Level 13.4 Ranged Weapons
 + Level 13.6 Throwing
 + Level 13.6 Armour
 + Level 14.1 Dodging
 + Level 13.4 Stealth
 + Level 13.4 Shields
 + Level 13.4 Unarmed Combat
 + Level 14.2 Spellcasting
 + Level 11.3 Conjurations
 + Level 11.3 Hexes
 + Level 11.3 Summonings
 + Level 11.3 Necromancy
 + Level 12.5 Translocations
 + Level 11.3 Transmutations
 + Level 11.3 Fire Magic
 + Level 11.3 Ice Magic
 + Level 11.3 Air Magic
 + Level 11.3 Earth Magic
 + Level 11.3 Poison Magic
 + Level 14.5 Invocations
 + Level 13.4 Evocations


You had 6 spell levels left.
You knew the following spells:

 Your Spells              Type           Power      Damage    Failure   Level
a - Blink                 Tloc           100%       N/A       1%          2
b - Vhi's Electric Charg  Tloc/Air       100%       N/A       1%          3
c - Manifold Assault      Tloc           76%        N/A       1%          4
d - Teleport Other        Tloc           76%        N/A       1%          3
e - Lesser Beckoning      Tloc           100%       N/A       1%          3
f - Gell's Gravitas       Tloc           76%        N/A       1%          3
g - Summon Mana Viper     Hex/Summ       72%        N/A       1%          5
h - Summon Forest         Summ/Tloc      37%        N/A       1%          5
i - Summon Cactus Giant   Summ           36%        N/A       9%          6

Your spell library contained the following spells:

 Spells                   Type           Power      Damage    Failure   Level
 Dispersal                Tloc           38%        N/A       5%          6


Dungeon Overview and Level Annotations

Branches:
Dungeon (1/1)

Altars:
Ashenzari
Cheibriados
Dithmenos
Elyvilon
Fedhas
Gozag
Hepliaklqana
Kikubaaqudgha
Makhleb
Nemelex Xobeh
Okawaru
Qazlal
Ru
Sif Muna
Trog
Uskayaw
Vehumet
Wu Jian
Xom
Yredelemnul
Zin
The Shining One
Jiyva
Lugonu


Innate Abilities, Weirdness & Mutations

You have very sharp teeth.
Your uncanny sense of smell can sniff out nearby items.
Your experience applies equally to all skills.


Message History

You kill the two-headed ogre!
Cheibriados thoroughly appreciates the change of pace.
The kobold brigand hits you but does no damage.
You barely miss the kobold brigand. You block the kobold brigand's attack.
You impale the kobold brigand!!
The kobold brigand is severely wounded.
The kobold brigand completely misses you.
You hit the kobold brigand. You bite the kobold brigand.
You kill the kobold brigand!
Cheibriados thoroughly appreciates the change of pace.
Unknown command.
You start resting.
An alligator snapping turtle comes into view.
You catch the helpless alligator snapping turtle completely off-guard!
You sock the alligator snapping turtle!
Your weapon exudes an aura of protection.
The alligator snapping turtle is lightly wounded.
The alligator snapping turtle misses you.
You sock the alligator snapping turtle!
The alligator snapping turtle is lightly wounded.
The alligator snapping turtle barely misses you.
You hit the alligator snapping turtle.
The alligator snapping turtle is lightly wounded.
You block the alligator snapping turtle's attack.
You hit the alligator snapping turtle.
The alligator snapping turtle is lightly wounded.
The alligator snapping turtle bites you but does no damage.
You hit the alligator snapping turtle.
You bite the alligator snapping turtle, but do no damage.
The alligator snapping turtle is lightly wounded.
You block the alligator snapping turtle's attack.
You sock the alligator snapping turtle!
The alligator snapping turtle is moderately wounded.
The alligator snapping turtle bites you!!
You impale the alligator snapping turtle!!
The alligator snapping turtle is heavily wounded.
The alligator snapping turtle bites you!!
* * * LOW HITPOINT WARNING * * *
The alligator snapping turtle bites you!!
You die...

#. #. +. ∆∆∆∆∆∆∆∆ ∆∆∆ +. #.
#######################. ∆∆∆∆
#....................++. ∆∆∆∆
#.....[@.............++. ∆∆∆∆
#..###t############..##. ∆∆∆∆∆∆∆
#..##)#) ∆ #..##. ∆∆∆∆∆∆∆ #..#)#
#† ∆ ∆ #..##. ∆∆∆∆∆∆∆ #..##∆ ∆#)
∆ ∆ ∆ #..### ∆∆∆∆∆∆∆ #..# #K ∆
#..### ∆∆∆∆∆∆∆ #..# #) #..##.
#..################..##.
##########....................##.


You could see an alligator snapping turtle.

Vanquished Creatures
  An emperor scorpion (D)
  A ghost moth (D)
  Josephine (D)
  A merfolk impaler (D)
  2 hell beasts (D)
  A spriggan air mage (D)
  2 alligators (D)
  An anaconda (D)
  A centaur warrior (D)
  A two-headed ogre (D)
  2 vampire magi (D)
  A death yak (D)
  2 sun demons (D)
  A soul eater (D)
  A shadow wraith (D)
  A flayed ghost (D)
  2 spriggan druids (D)
  A deep elf zephyrmancer (D)
  A phantasmal warrior (D)
  An orc sorcerer (D)
  A manticore (D)
  An elephant (D)
  2 gargoyles (D)
  2 cane toads (D)
  A demonic crawler (D)
  2 komodo dragons (D)
  A yaktaur (D)
  3 kobold demonologists (D)
  2 rime drakes (D)
  An ice devil (D)
  2 trolls (D)
  2 merfolk (D)
  2 polar bears (D)
  A blink frog (shapeshifter) (D)
  2 hornets (D)
  A tarantella (D)
  3 blink frogs (D)
  A small abomination (D)
  A shadow (D)
  A flying skull (D)
  A spriggan (D)
  4 wraiths (D)
  2 wyverns (D)
  A fire elemental (D)
  A basilisk (D)
  5 yaks (D)
  2 vampire mosquitoes (D)
  Menkaure (D)
  3 hell hounds (D)
  An orc warrior (D)
  A floating eye (D)
  A black bear (D)
  A centaur (D)
  4 wolves (D)
  3 kobold brigands (D)
  A necrophage (D)
  2 gnoll sergeants (D)
  A scorpion (D)
  An orc priest (D)
  A gnoll bouda (D)
  Jessica (D)
  An orc wizard (D)
  11 gnolls (D)
  A river rat (D)
  An adder (D)
  2 ufetubi (D)
  3 worms (D)
  4 orcs (D)
  An endoplasm (D)
  A goblin (D)
  3 hobgoblins (D)
  7 kobolds (D)
  A quokka (D)
  A ball python skeleton (D)
  A bat (D)
  3 rats (D)
136 creatures vanquished.

Vanquished Creatures (others)
  A wizard (D)
  A golden eye (shapeshifter) (D)
  A sky beast (D)
3 creatures vanquished.

Grand Total: 139 creatures vanquished

Notes
Turn   | Place    | Note
-------+----------+-------------------------------------------
     0 | D        | rocky1 the Gnoll Warper began the quest for the Orb.
     0 | D        | Reached XP level 1. HP: 20/20 MP: 6/6
    44 | D        | Found a bloodstained altar of Trog.
    44 | D        | Found a shimmering blue altar of Sif Muna.
    44 | D        | Found a viscous altar of Jiyva.
    44 | D        | Found a hazy altar of Hepliaklqana.
    44 | D        | Found an opulent altar of Gozag.
    45 | D        | Found a glowing golden altar of the Shining One.
    45 | D        | Found a glowing silver altar of Zin.
    45 | D        | Found a basalt altar of Yredelemnul.
    45 | D        | Found a shimmering altar of Xom.
    45 | D        | Found an ornate altar of the Wu Jian Council.
    45 | D        | Found a sacrificial altar of Ru.
    45 | D        | Found a stormy altar of Qazlal.
    45 | D        | Found an iron altar of Okawaru.
    45 | D        | Found a sparkling altar of Nemelex Xobeh.
    45 | D        | Found a burning altar of Makhleb.
    45 | D        | Found a blossoming altar of Fedhas.
    45 | D        | Found a white marble altar of Elyvilon.
    45 | D        | Found a shadowy altar of Dithmenos.
    45 | D        | Found a snail-covered altar of Cheibriados.
    48 | D        | Found a corrupted altar of Lugonu.
    48 | D        | Found a radiant altar of Vehumet.
    49 | D        | Found an ancient bone altar of Kikubaaqudgha.
    49 | D        | Found a hide-covered altar of Uskayaw.
    49 | D        | Found a broken altar of Ashenzari.
    56 | D        | Became a worshipper of Cheibriados the Contemplative
    73 | D        | Noticed a scorpion
    76 | D        | Reached skill level 5 in Spellcasting
    79 | D        | Killed a scorpion
    79 | D        | Reached * piety under Cheibriados
    80 | D        | Reached skill level 5 in Fighting
    80 | D        | Reached skill level 5 in Maces & Flails
    80 | D        | Reached skill level 5 in Dodging
    80 | D        | Reached XP level 2. HP: 27/27 MP: 6/8
    80 | D        | Reached XP level 3. HP: 33/33 MP: 7/10
    80 | D        | Reached XP level 4. HP: 39/39 MP: 7/11
   110 | D        | Learned a level 2 spell: Blink
   114 | D        | Learned a level 3 spell: Vhi's Electric Charge
   119 | D        | Learned a level 4 spell: Manifold Assault
   123 | D        | Learned a level 3 spell: Teleport Other
   128 | D        | Reached ** piety under Cheibriados
   275 | D        | Noticed a floating eye
   291 | D        | Paralysed by a floating eye for 4 turns
   297 | D        | Killed a floating eye
   298 | D        | Reached XP level 5. HP: 44/46 MP: 11/13
   302 | D        | Learned a level 3 spell: Lesser Beckoning
   310 | D        | Reached *** piety under Cheibriados
   475 | D        | Noticed a black bear
   477 | D        | Reached **** piety under Cheibriados
   487 | D        | Killed a black bear
   487 | D        | Reached ***** piety under Cheibriados
   488 | D        | Reached skill level 5 in Throwing
   488 | D        | Reached skill level 5 in Armour
   488 | D        | Reached XP level 6. HP: 48/53 MP: 13/15
   604 | D        | Noticed Menkaure
   614 | D        | Killed Menkaure
   615 | D        | Reached skill level 5 in Short Blades
   615 | D        | Reached skill level 5 in Long Blades
   615 | D        | Reached skill level 5 in Axes
   615 | D        | Reached skill level 5 in Polearms
   615 | D        | Reached skill level 5 in Staves
   615 | D        | Reached skill level 5 in Ranged Weapons
   615 | D        | Reached skill level 5 in Stealth
   615 | D        | Reached skill level 5 in Shields
   615 | D        | Reached skill level 5 in Unarmed Combat
   615 | D        | Reached skill level 5 in Invocations
   615 | D        | Reached skill level 5 in Evocations
   628 | D        | Noticed a spriggan druid
   642 | D        | Killed a spriggan druid
   643 | D        | Reached skill level 5 in Conjurations
   643 | D        | Reached skill level 5 in Hexes
   643 | D        | Reached skill level 5 in Summonings
   643 | D        | Reached skill level 5 in Necromancy
   643 | D        | Reached skill level 5 in Transmutations
   643 | D        | Reached skill level 5 in Fire Magic
   643 | D        | Reached skill level 5 in Ice Magic
   643 | D        | Reached skill level 5 in Air Magic
   643 | D        | Reached skill level 5 in Earth Magic
   643 | D        | Reached skill level 5 in Poison Magic
   643 | D        | Reached XP level 7. HP: 38/61 MP: 16/18
   643 | D        | Reached XP level 8. HP: 43/68 MP: 17/20
   776 | D        | Reached ****** piety under Cheibriados
   870 | D        | Noticed a kobold demonologist
   870 | D        | Noticed a kobold demonologist
   872 | D        | Killed a kobold demonologist
   874 | D        | Killed a kobold demonologist
   875 | D        | Reached XP level 9. HP: 70/75 MP: 11/22
  1057 | D        | Noticed a polar bear
  1066 | D        | Killed a polar bear
  1121 | D        | Noticed an orc sorcerer
  1128 | D        | Killed an orc sorcerer
  1322 | D        | Noticed a hornet
  1323 | D        | Killed a hornet
  1324 | D        | Reached skill level 10 in Spellcasting
  1324 | D        | Reached XP level 10. HP: 85/85 MP: 17/24
  1377 | D        | Reached skill level 10 in Fighting
  1377 | D        | Reached skill level 10 in Maces & Flails
  1377 | D        | Reached skill level 10 in Dodging
  1595 | D        | Noticed a gargoyle
  1598 | D        | Killed a gargoyle
  1609 | D        | Reached skill level 10 in Invocations
  1896 | D        | Reached skill level 10 in Throwing
  1896 | D        | Reached skill level 10 in Armour
  2127 | D        | Noticed a cane toad
  2127 | D        | Noticed a gargoyle
  2136 | D        | Killed a cane toad
  2137 | D        | Killed a gargoyle
  2145 | D        | Noticed a wizard
  2146 | D        | Noticed a sun demon
  2153 | D        | Killed a sun demon
  2154 | D        | Reached skill level 10 in Short Blades
  2154 | D        | Reached skill level 10 in Long Blades
  2154 | D        | Reached skill level 10 in Axes
  2154 | D        | Reached skill level 10 in Polearms
  2154 | D        | Reached skill level 10 in Staves
  2154 | D        | Reached skill level 10 in Ranged Weapons
  2154 | D        | Reached skill level 10 in Stealth
  2154 | D        | Reached skill level 10 in Shields
  2154 | D        | Reached skill level 10 in Unarmed Combat
  2154 | D        | Reached skill level 10 in Translocations
  2154 | D        | Reached skill level 10 in Evocations
  2154 | D        | Reached XP level 11. HP: 29/93 MP: 16/26
  2154 | D        | Killed a wizard
  2414 | D        | Noticed Jessica
  2414 | D        | Noticed a death yak
  2415 | D        | Noticed a merfolk impaler
  2416 | D        | Killed Jessica
  2419 | D        | Killed a merfolk impaler
  2420 | D        | Killed a death yak
  2713 | D        | Noticed a phantasmal warrior
  2719 | D        | Killed a phantasmal warrior
  2734 | D        | Noticed a manticore
  2744 | D        | Killed a manticore
  2769 | D        | Noticed a hell beast
  2789 | D        | Killed a hell beast
  2964 | D        | Noticed an emperor scorpion
  2980 | D        | Killed an emperor scorpion
  2981 | D        | Reached XP level 12. HP: 73/103 MP: 20/28
  3373 | D        | Learned a level 3 spell: Gell's Gravitas
  3389 | D        | Reached skill level 10 in Conjurations
  3389 | D        | Reached skill level 10 in Hexes
  3389 | D        | Reached skill level 10 in Summonings
  3389 | D        | Reached skill level 10 in Necromancy
  3389 | D        | Reached skill level 10 in Transmutations
  3389 | D        | Reached skill level 10 in Fire Magic
  3389 | D        | Reached skill level 10 in Ice Magic
  3389 | D        | Reached skill level 10 in Air Magic
  3389 | D        | Reached skill level 10 in Earth Magic
  3389 | D        | Reached skill level 10 in Poison Magic
  3444 | D        | Found the +10 tower shield of Ignorance {rN+ Int-4}
  3444 | D        | Noticed a hell beast
  3444 | D        | Noticed a spriggan air mage
  3444 | D        | Noticed a soul eater
  3444 | D        | Noticed a vampire mage
  3444 | D        | Noticed an alligator
  3444 | D        | Noticed an alligator
  3448 | D        | Killed a spriggan air mage
  3449 | D        | Killed a ghost moth
  3449 | D        | Killed a vampire mage
  3451 | D        | Killed a hell beast
  3451 | D        | Killed a soul eater
  3455 | D        | Killed an alligator
  3457 | D        | Killed an alligator
  3460 | D        | Got the ring "Eneann" {rN++ rCorr Str-2 Dex-3 Slay+2}
  3478 | D        | Learned a level 5 spell: Summon Mana Viper
  3484 | D        | Learned a level 5 spell: Summon Forest
  3491 | D        | Learned a level 6 spell: Summon Cactus Giant
  3602 | D        | Noticed Josephine
  3602 | D        | Noticed a vampire mage
  3602 | D        | Noticed an anaconda
  3625 | D        | Killed Josephine
  3632 | D        | Killed a vampire mage
  3647 | D        | Killed an anaconda
  3648 | D        | Reached XP level 13. HP: 79/112 MP: 19/30
  3699 | D        | Demolished by an alligator snapping turtle

Illustrated notes

Levels and vault maps discovered:
D:        pitsprint [storerooms_1, entrance_room_1, metal_vault_5, armoury_2,
          mini_pit_1, grid_room_1, main_hall_1, silver_pit, the_coven_3,
          the_vestibule_1, steel_vault_3, golden_pit, hallway_of_sentries,
          crystal_vault_2, iron_vault_3, final_vault]

Skill      XL: |  1  2  3  4  5  6  7  8  9 10 11 12 13 |
---------------+----------------------------------------+-----
Spellcasting   | 5 6 8 9 10 11 12 13 14 | 14.2
Fighting       | 5 6 7 8 9 11 12 13 14 | 14.1
Short Blades   | 2 3 4 6 7 8 10 11 12 13 | 13.4
Long Blades    | 2 3 4 6 7 8 10 11 12 13 | 13.4
Axes           | 2 3 4 6 7 8 10 11 12 13 | 13.4
Maces & Flails | 5 6 7 8 9 11 12 13 14 | 14.1
Polearms       | 2 3 4 6 7 8 10 11 12 13 | 13.4
Staves         | 2 3 4 6 7 8 10 11 12 13 | 13.4
Ranged Weapons | 2 3 4 6 7 8 10 11 12 13 | 13.4
Throwing       | 3 4 5 6 8 9 10 11 13 | 13.6
Armour         | 3 4 5 6 8 9 10 11 13 | 13.6
Dodging        | 5 6 7 8 9 11 12 13 14 | 14.1
Stealth        | 2 3 4 6 7 8 10 11 12 13 | 13.4
Shields        | 2 3 4 6 7 8 10 11 12 13 | 13.4
Unarmed Combat | 2 3 4 6 7 8 10 11 12 13 | 13.4
Conjurations   | 2 3 5 6 7 8 9 10 11 | 11.3
Hexes          | 2 3 5 6 7 8 9 10 11 | 11.3
Summonings     | 2 3 5 6 7 8 9 10 11 | 11.3
Necromancy     | 2 3 5 6 7 8 9 10 11 | 11.3
Transmutations | 2 3 5 6 7 8 9 10 11 | 11.3
Fire Magic     | 2 3 5 6 7 8 9 10 11 | 11.3
Ice Magic      | 2 3 5 6 7 8 9 10 11 | 11.3
Air Magic      | 2 3 5 6 7 8 9 10 11 | 11.3
Earth Magic    | 2 3 5 6 7 8 9 10 11 | 11.3
Poison Magic   | 2 3 5 6 7 8 9 10 11 | 11.3
Invocations    | 2 4 6 8 9 10 12 14 | 14.5
Evocations     | 2 3 4 6 7 8 10 11 12 13 | 13.4
Translocations | 6 7 8 9 10 11 12 | 12.5

Action                   |  1- 3 |  4- 6 |  7- 9 | 10-12 | 13-15 || total
-------------------------+-------+-------+-------+-------+-------++-------
Melee: Hand axe          |     3 |    26 |       |       |       ||    29
       Mace              |     1 |    29 |    20 |       |       ||    50
       Punch             |       |     1 |     2 |       |       ||     3
       Bite              |       |     7 |     5 |    25 |     4 ||    41
       Morningstar       |       |       |    35 |   160 |    30 ||   225
Throw: Boomerang         |     1 |       |       |       |       ||     1
 Cast: Vhi's Electric Ch |       |       |       |     1 |       ||     1
Invok: Slouch            |       |       |     3 |    17 |     5 ||    25
  Use: Potion            |     2 |     1 |       |     1 |     2 ||     6
 Stab: Sleeping          |       |     1 |     1 |     4 |       ||     6
       Distracted        |       |       |       |     1 |     1 ||     2
Armor: Leather armour    |       |     4 |       |       |       ||     4
       Scale mail        |       |     9 |    11 |       |       ||    20
       Ring mail         |       |       |    12 |    54 |     7 ||    73
Dodge: Dodged            |     5 |    42 |    63 |   124 |    18 ||   252
Block: Kite shield       |       |       |    29 |   135 |    18 ||   182

Table legend: (Time is in decaauts)
 A = Elapsed time spent in this place.
 B = Non-inter-level travel time spent in this place.
 C = Inter-level travel time spent in this place.
 D = Time resting spent in this place.
 E = Time spent auto-exploring this place.
 F = Levels seen in this place.
 G = Mean time per level.
                   A        B        C        D        E       F      G
               +--------+--------+--------+--------+--------+-----+--------+
         Total |   4378 |   4205 |    173 |   2479 |      0 |   1 | 4378.0 |
       Dungeon |   4378 |   4205 |    173 |   2479 |      0 |   1 | 4378.0 |
               +--------+--------+--------+--------+--------+-----+--------+

Top non-repeatable levels by time:
       D: 4378 daAuts
